 Dungeon Crawl Stone Soup version 0.18.1-8-gdd0e5ea (console) character file.

77010 Kloppie the Martial Artist (level 15, -10/151 HPs)
             Began as a Deep Dwarf Monk on June 4, 2016.
             Was the Champion of Makhleb.
             Mangled by an orc warrior
             ... wielding a +0 long sword of electrocution
             ... led by Saint Roka
              (18 damage)
             ... on level 2 of the Orcish Mines.
             The game lasted 01:04:37 (22197 turns).

Kloppie the Martial Artist (Deep Dwarf Monk)       Turns: 22197, Time: 01:04:38

Health: -10/151    AC: 39    Str: 22    XL:     15   Next: 14%
Magic:  14/14      EV:  9    Int: 14    God:    Makhleb [******]
Gold:   1530       SH:  0    Dex: 22    Spells: 0 memorised, 14 levels left

rFire  . . .     SeeInvis .       - Unarmed
rCold  + . .     Gourm    .     i - +8 orange crystal plate armour {Archmagi, Int+3 Clar SustAt}
rNeg   + . .     Faith    .     (no shield)
rPois  +         Spirit   .     T - +2 helmet
rElec  .         Dismiss  .     N - +0 cloak "Ciamich" {rC+ Dex+4}
rCorr  .         Reflect  .     w - +1 pair of gloves
SustAt +         Harm     .     (no boots)
MR     ++...     Clarity  +     (no amulet)
Stlth  ..........               n - ring of poison resistance
                                C - +4 ring of strength

@: exhausted, non-regenerating, slowed, very slow, very resistant to hostile
enchantments, extremely unstealthy
A: damage resistance, recharge devices, repulsion field 1, negative energy
resistance 1, sense surroundings 2, slow regeneration 3
a: Device Recharging, Minor Destruction, Lesser Servant of Makhleb, Major
Destruction, Greater Servant of Makhleb, Renounce Religion


You were on level 2 of the Orcish Mines.
You worshipped Makhleb.
Makhleb was exalted by your worship.
You were hungry.

You visited 4 branches of the dungeon, and saw 22 of its levels.
You also visited: Sewer and Volcano.

You collected 2130 gold pieces.
You spent 600 gold pieces at shops.

Inventory:

Armour
 i - the +8 orange crystal plate armour (worn) {Archmagi, Int+3 Clar SustAt}
   (You acquired it on level 7 of the Lair of Beasts)

   It affects your intelligence (+3).
   It sustains your strength, intelligence and dexterity.
   It protects you against confusion.
 w - a +1 pair of gloves (worn)
 E - a +0 scale mail of magic resistance
 N - the +0 cloak "Ciamich" (worn) {rC+ Dex+4}
   (You found it on level 9 of the Dungeon)

   It affects your dexterity (+4).
   It protects you from cold.
 S - the +1 cloak of the Equator {+Fly rF+++ Str-5 Stlth-}
   (You bought it in a shop on level 5 of the Dungeon)

   It affects your strength (-5).
   It renders you almost immune to fire.
   It lets you fly.
   It makes you less stealthy.
 T - a +2 helmet (worn)
Jewellery
 n - a ring of poison resistance (right hand)
 v - an uncursed ring of protection from magic
 A - an uncursed ring of resist corrosion
 C - a +4 ring of strength (left hand)
 H - an uncursed ring of ice
 J - an uncursed ring of sustain attributes
Wands
 b - a wand of heal wounds (1/9)
 z - a wand of lightning (4/15)
 G - a wand of disintegration (20/24)
 K - a wand of slowing (26/48)
 O - a wand of paralysis (7/24)
Scrolls
 j - 2 scrolls of fog
 l - 2 scrolls of fear
 q - a scroll of enchant armour
 t - 6 scrolls of magic mapping
 u - 3 scrolls of teleportation
 I - 4 scrolls of identify
 L - a scroll of recharging
 P - 7 scrolls of remove curse
Potions
 a - 4 potions of heal wounds
 e - 2 potions of haste
 g - 6 potions of flight
 h - 5 potions of lignification
 m - a potion of cure mutation
 o - 14 potions of curing
 r - 3 potions of might
 x - a potion of invisibility
 B - a potion of brilliance
 D - 2 potions of agility
 M - 3 potions of cancellation
 R - a potion of ambrosia
 V - a potion of resistance
Books
 k - a book of Dreams

   Spells                             Type                      Level
   a - Ensorcelled Hibernation        Hexes/Ice                    2
   b - Silence                        Hexes/Air                    5
   c - Darkness                       Hexes                        6
   d - Shadow Creatures               Summoning                    6
Miscellaneous
 y - a phial of floods
 Q - a lamp of fire
Comestibles
 c - 13 bread rations
 d - 7 royal jellies
 p - a slice of pizza
 s - 3 chunks of flesh
 F - 6 meat rations


   Skills:
 + Level 14.2 Fighting
 + Level 14.3 Armour
 - Level 3.3 Dodging
 - Level 2.4 Stealth
 - Level 14.3 Unarmed Combat
 + Level 11.1 Invocations


You had 14 spell levels left.
You didn't know any spells.

Dungeon Overview and Level Annotations

Branches:
Dungeon (12/15)            Temple (1/1) D:6            Lair (7/8) D:10
 Shoals (0/4) Lair:6       Spider (0/4) Lair:5        Slime (0/6) Lair:6
    Orc (2/2) D:11            Elf (0/3) Orc:2

Altars:
Ashenzari
Cheibriados
Dithmenos
Elyvilon
Fedhas
Gozag
Kikubaaqudgha
Makhleb
Nemelex Xobeh
Okawaru
Pakellas
Qazlal
Ru
Sif Muna
Trog
Vehumet
Xom
Yredelemnul
Zin
The Shining One
Beogh
Jiyva

Shops:
D:4 :   D:5 !!**?   D:10 :   Orc:2 ?(%

Annotations:
D:7 exclusion: oklob plant
D:10 4 runed doors
Lair:5 exclusion: oklob plant


Innate Abilities, Weirdness & Mutations

You are resistant to damage.
You can recharge devices by infusing magical energy.
You resist negative energy.
You passively map the area around you.
You do not regenerate naturally.
You are surrounded by a mild repulsion field (EV +2).


Message History

You are electrocuted!
* * * LOW HITPOINT WARNING * * *
The orc warrior misses you.
You punch the orc warrior!
The orc warrior is heavily wounded.
The orc closely misses you. The orc barely misses you.
The orc warrior hits you but does no damage. x2
You are feeling hungry.
You hit the orc warrior.
The orc warrior is heavily wounded.
The orc hits you but does no damage. x2
The orc warrior hits you but does no damage.
You are electrocuted!
* * * LOW HITPOINT WARNING * * *
The orc warrior barely misses you.
You punch the orc warrior!
The orc warrior is almost dead.
The orc hits you but does no damage. x2
The orc warrior hits you with a long sword of electrocution!!
You die...

, ** ....##.......##.....
.................... , *
#......)8.8.......## ,
#####.....)...##### *
###########'###########
#....#/..##.##...#....# #
##'##.#...##O##...#.##'#### ##
#...#.##'###o###'##.#)..#.###
.###...#....#.)o@o.....#...##..##
..######....#.##o##....#######..#
.#.##..#....#.#...#....#..# #..#
.####..)......#...#)...'..# #.##
..###..#)####.#####.####..# ##...
...#####.#..#..........#### #....
....####.').#.....####.######...#
...('....#).#..⌠..#..#....'....##
...)####.####.....#..).####....#


You could see 2 orc warriors, an ogre and 2 orcs.

Vanquished Creatures
  Saint Roka (Orc:2)
  An orc warlord (Orc:2)
  A stone giant (Orc:1)
  Snorg (Lair:5)
  An ice dragon (Lair:6)
  4 hydras
  Erica (Lair:2)
  An ogre mage (Orc:1)
  A death knight (D:11)
  A queen ant (Lair:7)
  An orc high priest (Orc:2)
  The ghost of Kloppie the Fighter, a novice GrFi of Okawaru (D:11)
  Sonja (Orc:2)
  A salamander mystic (Volcano)
  The ghost of AnaChi the Ducker, a novice DrAK of Lugonu (D:7)
  Nergalle (Lair:4)
  A fire crab (Lair:7)
  An unseen horror (D:11)
  A lindwurm (Lair:3)
  6 orc knights
  2 hill giants (D:10)
  5 orc sorcerers (Orc:2)
  5 salamanders (Volcano)
  The ghost of Kloppie the Basher, a novice OgGl of Makhleb (D:5)
  2 oklob plants
  3 cyclopes
  A manticore (D:12)
  13 elephants
  A siren (Lair:6)
  2 black mambas (Lair:7)
  2 molten gargoyles (Volcano)
  13 spiny frogs
  A rime drake (Lair:7)
  5 komodo dragons
  4 trolls
  A queen bee (D:10)
  7 two-headed ogres
  A jumping spider (Lair:5)
  9 blink frogs
  40 yaks
  2 redbacks (Lair:5)
  Eustachio (D:5)
  7 fire bats
  2 humans (D:8)
  3 basilisks
  2 wyverns
  2 vampire mosquitoes (D:12)
  10 hippogriffs
  Edmund (D:5)
  4 wargs
  5 soldier ants (Lair:7)
  16 water moccasins
  22 porcupines
  43 orc warriors
  A phantom (D:7)
  4 ice beasts
  3 sky beasts
  3 black bears
  2 wasps
  4 centaurs
  28 ogres
  23 wolves
  13 crocodiles
  2 big kobolds (Sewer)
  A wyvern zombie (D:11)
  27 giant frogs
  A wyvern skeleton (D:10)
  3 scorpions
  20 killer bees
  20 wights
  3 electric eels
  9 crimson imps
  2 lava snakes (Volcano)
  A giant frog zombie (D:10)
  11 howler monkeys
  A centaur zombie (D:11)
  19 orc wizards
  3 quasits
  10 jellies
  A gnoll shaman (D:3)
  A giant frog skeleton (D:11)
  4 hounds
  18 orc priests
  Crazy Yiuf (D:5)
  2 centaur skeletons
  9 iguanas
  17 worker ants
  18 sheep
  A hound skeleton (D:9)
  A worker ant zombie (D:5)
  A howler monkey zombie (D:10)
  A howler monkey skeleton (D:8)
  19 adders
  11 gnolls
  59 river rats
  2 shadow imps (D:10)
  2 adder zombies
  13 oozes
  2 adder skeletons
  3 worms
  A dart slug (D:3)
  7 giant geckos
  103 orcs
  5 giant cockroaches
  10 goblins
  5 hobgoblins
  4 jackals
  27 kobolds
  12 quokkas
  6 ball pythons
  8 bats
  5 giant newts
  A quokka skeleton (D:7)
  32 rats
  A butterfly (D:6)
  2 plants
895 creatures vanquished.

Vanquished Creatures (others)
  An orc priest (Orc:2)
  A river rat (Lair:4)
  12 fungi
  3 plants
17 creatures vanquished.

Grand Total: 912 creatures vanquished

Notes
Turn   | Place    | Note
--------------------------------------------------------------
     0 | D:1      | Kloppie the Deep Dwarf Monk began the quest for the Orb.
     0 | D:1      | Reached XP level 1. HP: 20/20 MP: 1/1
   198 | D:1      | Reached XP level 2. HP: 18/27 MP: 2/2
   256 | D:1      | Reached skill level 1 in Armour
   661 | D:2      | Reached XP level 3. HP: 15/34 MP: 3/3
   845 | D:2      | Found a deep blue altar of Sif Muna.
  1127 | D:2      | Reached XP level 4. HP: 31/42 MP: 4/4
  1716 | D:2      | Reached XP level 5. HP: 12/50 MP: 5/5
  2193 | D:3      | Noticed an ogre
  2350 | D:3      | Killed an ogre
  2350 | D:3      | Reached XP level 6. HP: 29/57 MP: 6/6
  2717 | D:3      | Reached skill level 5 in Unarmed Combat
  3167 | D:4      | Found Joluk's Book Emporium.
  3315 | D:4      | Found a shimmering altar of Xom.
  3371 | D:4      | Reached XP level 7. HP: 24/66 MP: 7/7
  3809 | D:4      | Reached skill level 5 in Fighting
  3824 | D:4      | Found a sacrificial altar of Ru.
  3896 | D:5      | Entered Level 5 of the Dungeon
  3896 | D:5      | Found Zuomyclo's Distillery.
  3918 | D:5      | Bought a potion of degeneration for 10 gold pieces
  3918 | D:5      | Bought a potion of curing for 30 gold pieces
  3918 | D:5      | Bought a potion of mutation for 25 gold pieces
  3918 | D:5      | Bought a potion of flight for 30 gold pieces
  3918 | D:5      | Bought a potion of brilliance for 40 gold pieces
  3923 | D:5      | Found Qathean's Distillery.
  3947 | D:5      | Noticed Kloppie's ghost (novice OgGl)
  3957 | D:5      | Noticed Eustachio
  3971 | D:5      | Killed Kloppie's ghost
  3971 | D:5      | Reached skill level 5 in Armour
  3971 | D:5      | Reached XP level 8. HP: 19/76 MP: 8/8
  3980 | D:5      | Killed Eustachio
  4022 | D:5      | Found Joamaq's Assorted Antiques.
  4031 | D:5      | Bought a runed cloak for 112 gold pieces
  4142 | D:5      | Noticed Crazy Yiuf
  4147 | D:5      | Killed Crazy Yiuf
  4228 | D:5      | Found Suivvahu's Magic Scroll Shop.
  4257 | D:5      | Found a glowing silver altar of Zin.
  4332 | D:5      | Found a glowing drain.
  4363 | Sewer    | Entered a sewer
  5006 | D:5      | Found Utaepsoss's Assorted Antiques.
  5048 | D:5      | Gained mutation: You passively map the area around you. [Deep Dwarf growth]
  5048 | D:5      | Reached XP level 9. HP: 62/85 MP: 7/7
  5372 | D:5      | Bought a scroll of identify for 26 gold pieces
  5374 | D:5      | Gained mutation: You are surrounded by a mild repulsion field (EV +2). [potion of beneficial mutation]
  5396 | D:5      | Found a glowing golden altar of the Shining One.
  5608 | D:6      | Noticed Edmund
  5644 | D:5      | Killed Edmund
  6028 | D:6      | Found a staircase to the Ecumenical Temple.
  6037 | Temple   | Entered the Ecumenical Temple
  6142 | Temple   | Became a worshipper of Makhleb the Destroyer
  6142 | Temple   | Reached * piety under Makhleb
  6142 | Temple   | Reached ** piety under Makhleb
  6958 | D:7      | Noticed AnaChi's ghost (novice DrAK)
  7046 | D:7      | Killed AnaChi's ghost
  7238 | D:7      | Reached XP level 10. HP: 37/96 MP: 5/5
  7625 | D:7      | Noticed an oklob plant
  7644 | D:7      | Reached *** piety under Makhleb
  8058 | D:8      | Reached skill level 1 in Invocations
  8101 | D:8      | Found an iron altar of Okawaru.
  8408 | D:8      | Reached **** piety under Makhleb
  8843 | D:9      | Got a slimy cloak
  8854 | D:9      | Identified the +0 cloak "Ciamich" {rC+ Dex+4} (You found it on level 9 of the Dungeon)
  9325 | D:9      | Reached skill level 5 in Invocations
 10003 | D:10     | Entered Level 10 of the Dungeon
 10082 | D:10     | Reached XP level 11. HP: 56/106 MP: 8/8
 10105 | D:10     | Reached ***** piety under Makhleb
 10183 | D:10     | Reached skill level 10 in Unarmed Combat
 10319 | D:10     | Found a staircase to the Lair.
 10324 | D:10     | Noticed an oklob plant
 10371 | D:10     | Killed an oklob plant
 10417 | D:10     | Found Pumiep's Book Shop.
 10494 | D:10     | Noticed a hill giant
 10555 | D:10     | Reached skill level 10 in Armour
 10858 | D:10     | Found a huge runed gate.
 10858 | D:10     | Found a huge runed gate.
 10858 | D:10     | Found a huge runed gate.
 10858 | D:10     | Found a huge runed gate.
 10858 | D:10     | Noticed a death yak
 10858 | D:10     | Noticed a death yak
 10858 | D:10     | Noticed a griffon
 10924 | D:10     | HP: 3/108 [hill giant/giant club (35)]
 11079 | D:10     | Killed a hill giant
 11111 | D:10     | Reached skill level 10 in Fighting
 11431 | D:5      | Bought a crude cloak for 199 gold pieces
 11441 | D:5      | Identified the +1 cloak of the Equator {+Fly rF+++ Str-5 Stlth-} (You bought it in a shop on level 5 of the Dungeon)
 11441 | D:5      | Bought a glowing helmet for 94 gold pieces
 11569 | Lair:1   | Entered Level 1 of the Lair of Beasts
 12922 | Lair:2   | Reached ****** piety under Makhleb
 12954 | Lair:2   | Reached XP level 12. HP: 87/118 MP: 7/7
 13090 | Lair:2   | Noticed Erica
 13116 | Lair:2   | Killed Erica
 13223 | Lair:3   | Found an iron altar of Okawaru.
 13274 | Lair:3   | Found a dark tunnel.
 13283 | Volcano  | Entered a volcano
 13612 | Volcano  | Found a bloodstained altar of Trog.
 14692 | Lair:4   | Noticed Nergalle
 14821 | Lair:4   | Killed Nergalle
 15157 | Lair:4   | Noticed an eight-headed hydra
 15189 | Lair:4   | Killed an eight-headed hydra
 15189 | Lair:4   | Reached XP level 13. HP: 83/128 MP: 8/8
 15685 | Lair:5   | Found a hole to the Spider Nest.
 15740 | Lair:5   | Noticed Snorg
 15816 | Lair:5   | Killed Snorg
 16452 | Lair:6   | Found a staircase to the Slime Pits.
 16452 | Lair:6   | Found a viscous altar of Jiyva.
 16771 | Lair:6   | Found a staircase to the Shoals.
 17050 | Lair:6   | Identified the Tome of Dusty Air
 17335 | Lair:6   | Got a wizard robe
 17337 | Lair:6   | Identified the cursed +0 robe of Indomitability {rElec} (You found it on level 6 of the Lair of Beasts)
 17780 | Lair:7   | Gained mutation: You resist negative energy. [Deep Dwarf growth]
 17780 | Lair:7   | Reached XP level 14. HP: 107/141 MP: 10/10
 18595 | Lair:7   | Identified a scroll of acquirement
 19167 | D:11     | Found a staircase to the Orcish Mines.
 19452 | D:11     | Noticed Kloppie's ghost (novice GrFi)
 19471 | D:11     | Killed Kloppie's ghost
 20320 | Orc:1    | Entered Level 1 of the Orcish Mines
 20399 | Orc:1    | Noticed a stone giant
 20416 | Orc:1    | Killed a stone giant
 20682 | Orc:2    | Entered Level 2 of the Orcish Mines
 20921 | Orc:2    | Found a roughly hewn altar of Beogh.
 20956 | Orc:2    | Found Zudugodgh's Antique Weapon Emporium.
 20977 | Orc:2    | Found Wofra's Magic Scroll Shoppe.
 21020 | Orc:2    | Bought a scroll of identify for 34 gold pieces
 21035 | Orc:2    | Noticed an orc warlord
 21061 | Orc:2    | Killed an orc warlord
 21064 | Orc:2    | Reached skill level 10 in Invocations
 21614 | Orc:2    | Found a staircase to the Elven Halls.
 21650 | Orc:2    | Noticed Sonja
 21673 | Orc:2    | Killed Sonja
 21938 | Orc:2    | Reached XP level 15. HP: 151/151 MP: 14/14
 22080 | Orc:2    | Found Asseikh's Food Shoppe.
 22142 | Orc:2    | Noticed Saint Roka
 22190 | Orc:2    | Killed Saint Roka
 22197 | Orc:2    | Mangled by an orc warrior

Skill      XL: |  1  2  3  4  5  6  7  8  9 10 11 12 13 14 15 |
---------------+----------------------------------------------+-----
Armour         | 1 2 3 4 5 7 8 9 11 12 14 | 14.3
Fighting       | 3 4 5 6 8 9 10 11 13 14 | 14.2
Unarmed Combat | 4 5 6 7 8 9 11 12 13 14 | 14.3
Invocations    | 5 6 10 11 | 11.1
Dodging        | |  3.3
Stealth        | |  2.4

Action                   |  1- 3 |  4- 6 |  7- 9 | 10-12 | 13-15 || total
-------------------------+-------+-------+-------+-------+-------++-------
Melee: Unarmed           |   157 |   264 |   714 |  1572 |  1831 ||  4538
       Punch             |     4 |    11 |    28 |    63 |   130 ||   236
Invok: Lesser Servant of |       |       |       |     1 |     2 ||     3
       Major Destruction |       |       |       |       |     2 ||     2
 Abil: Device Recharging |       |       |     5 |     3 |     1 ||     9
Evoke: Wand              |     1 |     6 |    20 |    10 |     4 ||    41
  Use: Scroll            |       |     2 |    18 |    12 |     5 ||    37
       Potion            |       |       |     5 |     6 |     4 ||    15
 Stab: Sleeping          |     2 |       |       |       |       ||     2
       Paralysed         |       |       |       |     2 |       ||     2
  Eat: Chunk             |     1 |     7 |     6 |    24 |    24 ||    62
       Meat ration       |       |       |     2 |       |       ||     2
       Royal jelly       |       |       |       |     1 |       ||     1
       Fruit             |       |       |       |       |     2 ||     2
Armor: Ring mail         |    18 |       |       |       |       ||    18
       Scale mail        |    41 |    70 |   278 |   149 |       ||   538
       Plate armour      |       |       |       |   894 |   780 ||  1674
       Crystal plate arm |       |       |       |       |   843 ||   843
Dodge: Dodged            |    72 |   127 |   444 |   802 |  1173 ||  2618
